 Dungeon Crawl Stone Soup version 0.19.0-18-g426998a (webtiles) character file.

2800 dysrexia the Carver (level 9, -1/51 HPs)
             Began as a Tengu Chaos Knight on Nov 11, 2016.
             Slain by a chaos spawn (18 damage)
             ... on level 1 of the Abyss on Nov 12, 2016.
             The game lasted 00:24:34 (8186 turns).

dysrexia the Carver (Tengu Chaos Knight)            Turns: 8186, Time: 00:24:35

Health: -1/51      AC:  0    Str: 13      XL:     9   Next: 71%
Magic:  10/10      EV: 18    Int: 11 (12) God:    Xom [*.....]
Gold:   180        SH:  0    Dex: 17      Spells: 0 memorised, 8 levels left

rFire  . . .     SeeInvis .     (weapon currently unavailable)
rCold  . . .     Gourm    .     (armour currently unavailable)
rNeg   . . .     Faith    .     (shield currently unavailable)
rPois  .         Spirit   .     (helmet currently unavailable)
rElec  .         Reflect  .     (cloak currently unavailable)
rCorr  .         Harm     .     (gloves currently unavailable)
MR     .....                    (boots unavailable)
Stlth  ++........               (no amulet)
                                (ring currently unavailable)
                                (ring currently unavailable)

@: pig-form, very quick
A: (beak), (talons 0), frail 1, subdued magic 1, able to fly 1
a: Fly, Renounce Religion


You were on level 1 of the Abyss.
You worshipped Xom.
You were a special plaything of Xom.
You were very hungry.
You were a filthy swine.
You visited 1 branch of the dungeon, and saw 8 of its levels.
You visited the Abyss 1 time.

You collected 490 gold pieces.
You spent 310 gold pieces at shops.

Inventory:

Hand Weapons
 a - a +0 great sword (melded)
 h - the +2 dagger "Fykyatt" {holy, rPois}
   (You bought it in a shop on level 6 of the Dungeon)

   It has been blessed by the Shining One to cause great damage to the undead
   and demons.
   It protects you from poison.
Missiles
 m - 2 throwing nets (quivered)
 q - 9 poisoned needles
Armour
 b - a +2 leather armour
 f - a +0 pair of gloves (melded)
 i - a +0 shield
 x - a +2 cloak of invisibility (melded)
 E - the +3 leather armour of Nemelex Xobeh's Envy (melded) {rPois Str+2}
   (You found it on level 4 of the Dungeon)

   It affects your strength (+2).
   It protects you from poison.
Jewellery
 e - a ring of magical power (melded)
 j - an uncursed ring of see invisible {unknown}
 l - a +4 ring of evasion (melded)
 G - a +5 ring of intelligence {unknown}
 M - an uncursed ring of protection from magic {unknown}
Wands
 k - a wand of digging (11/24)
 s - a wand of acid (10/15)
 w - a wand of polymorph (14/24)
 F - a wand of slowing (23/48)
 L - a wand of random effects (16/48)
Scrolls
 d - 2 scrolls of noise
 o - a scroll of fear
 r - 3 scrolls of fog
 t - 2 scrolls of magic mapping
 v - a scroll of identify
 y - 2 scrolls of teleportation
 A - a scroll of blinking
 B - 2 scrolls of remove curse
 H - 4 scrolls of enchant weapon
 J - a scroll of amnesia
Potions
 g - 5 potions of curing
 n - a potion of flight
 p - a potion of ambrosia
 u - 2 potions of might
 z - a potion of mutation {unknown}
 I - 2 potions of brilliance
 K - a potion of lignification {unknown}
Comestibles
 c - 8 bread rations
 C - 5 meat rations
 D - 5 fruits


   Skills:
 * Level 7.4 Fighting
 - Level 10.2 Long Blades
 + Level 5.6 Armour
 + Level 5.3 Dodging


You had 8 spell levels left.
You didn't know any spells.

Dungeon Overview and Level Annotations

Branches:
Dungeon (8/15)             Temple (0/1) D:4
   Lair: D:8-11

Altars:
Cheibriados

Shops:
D:6 (


Innate Abilities, Weirdness & Mutations

((You have a beak for a mouth.))
((You have claws for feet.))
You can fly.
You are frail. (-10% HP)
Your spells are a little easier to cast, but a little less powerful.


Message History

The chaos spawn is lightly wounded.
Xom giggles.
You turn into a filthy swine.
Your +0 great sword melds into your body.
Your +2 cloak of invisibility melds into your body.
Your +0 pair of gloves melds into your body.
The +3 leather armour of Nemelex Xobeh's Envy {rPois Str+2} melds into your body.
Your ring of magical power melds into your body.
Your +4 ring of evasion melds into your body.
You feel your magic capacity decrease. The chaos spawn barely misses you.
You closely miss the chaos spawn.
The chaos spawn is lightly wounded.
The chaos spawn gibbers incoherently in a cacophony of voices.
The chaos spawn completely misses you.
You barely miss the chaos spawn.
The chaos spawn is lightly wounded.
The chaos spawn gores you!! The chaos spawn freezes you!
The chaos spawn hits you!!
You die...
Xom howls with laughter!

..## ..#. ...# .!.
#.. ..# .
###..###.####.#
#.....#/......#
..#...#.....#..#.
#....#...X...##.#
#.....4#...#####
### #...#h.≈≈≈≈.# .
## ##.###.♣≈≈≈..#.
# #
#.##...#..≈≈≈≈#.#.#
. .##.....♣≈≈≈....#
# . #.. ....≈≈≈≈.##
###.# #.
.....≈≈≈≈..)....
#....#.....#.## ##
. ....###.#.. .. ..
(#### .#..#.#..#


You could see a large abomination and a chaos spawn.

Vanquished Creatures
  The ghost of Mlkhall the Insei, an amateur MfTm (D:3)
  A redback (D:6)
  A wraith (D:6)
  Eustachio (D:4)
  A water moccasin (D:7)
  2 ice beasts
  2 ogres
  A phantom (D:7)
  The ghost of Madoushi the Grave Robber, an amateur DDNe (D:6)
  2 centaurs
  3 bullfrogs
  2 scorpions
  3 howler monkeys
  A bullfrog zombie (D:4)
  4 hounds
  Crazy Yiuf (D:2)
  A bullfrog skeleton (D:6)
  2 orc wizards
  Jessica (D:2)
  An iguana (D:5)
  10 worker ants
  A killer bee zombie (D:7)
  A hound zombie (D:5)
  Robin (D:2)
  6 gnolls
  14 adders
  An ooze (D:1)
  An adder zombie (D:5)
  5 worms
  3 dart slugs
  5 leopard geckos
  A leopard gecko (shapeshifter) (D:2)
  9 orcs
  5 giant cockroaches
  19 goblins
  10 hobgoblins
  19 jackals
  2 quokkas
  3 ball pythons (D:3)
  5 bats
  16 frilled lizards
  11 kobolds
  A leopard gecko skeleton (D:5)
  7 rats
188 creatures vanquished.

Vanquished Creatures (collateral kills)
  Ijyb (D:2)
1 creature vanquished.

Grand Total: 189 creatures vanquished

Notes
Turn   | Place    | Note
-------+----------+-------------------------------------------
     0 | D:1      | dysrexia the Tengu Chaos Knight began the quest for the Orb.
     0 | D:1      | Reached XP level 1. HP: 14/14 MP: 2/2
   152 | D:1      | XOM: silly message
   153 | D:1      | XOM: silly message
   189 | D:1      | XOM: potion effect (brilliance)
   194 | D:1      | Reached XP level 2. HP: 17/19 MP: 3/3
   195 | D:1      | Reached skill level 4 in Long Blades
   293 | D:1      | XOM: potion effect (might)
   307 | D:1      | Reached XP level 3. HP: 22/23 MP: 4/4
   437 | D:1      | XOM: divination: magic mapping
   884 | D:2      | Reached skill level 5 in Long Blades
   925 | D:2      | Found a runed door.
   929 | D:2      | Noticed Crazy Yiuf
   933 | D:2      | XOM: potion effect (agility)
   934 | D:2      | XOM: 2-stop teleportation journey
   943 | D:2      | Killed Crazy Yiuf
   943 | D:2      | Reached XP level 4. HP: 28/28 MP: 5/5
  1045 | D:2      | Reached skill level 6 in Long Blades
  1070 | D:2      | Noticed Jessica
  1082 | D:2      | XOM: noise
  1083 | D:2      | XOM: repel stairs
  1086 | D:2      | Killed Jessica
  1086 | D:2      | Gained mutation: You can fly. [Tengu growth]
  1086 | D:2      | Reached XP level 5. HP: 14/32 MP: 6/6
  1308 | D:2      | XOM: fog
  1507 | D:2      | Noticed Robin
  1517 | D:2      | Killed Robin
  1936 | D:2      | XOM: medium Tloc miscast
  2088 | D:2      | Noticed Ijyb
  2091 | D:2      | XOM: summons 5 friendly demons
  2103 | D:2      | Killed Ijyb
  2103 | D:2      | Reached skill level 7 in Long Blades
  2256 | D:3      | Noticed Mlkhall's ghost (amateur MfTm)
  2317 | D:3      | XOM: chaos upgrade
  2323 | D:3      | Reached XP level 6. HP: 24/37 MP: 7/7
  2625 | D:3      | XOM: medium Erth miscast
  2681 | D:3      | XOM: noise
  2694 | D:3      | XOM: 7-stop teleportation journey
  2778 | D:3      | XOM: harmless Conj miscast
  2964 | D:3      | Reached skill level 8 in Long Blades
  3059 | D:3      | XOM: mild Tmut miscast
  3219 | D:3      | Killed Mlkhall's ghost
  3219 | D:3      | Reached skill level 9 in Long Blades
  3219 | D:3      | Reached XP level 7. HP: 4/41 MP: 8/8
  4278 | D:3      | XOM: summons 3 hostile demons
  4292 | D:4      | Noticed Eustachio
  4324 | D:4      | XOM: silly message
  4326 | D:4      | XOM: confusion (+ monsters)
  4328 | D:4      | Killed Eustachio
  4328 | D:4      | Reached skill level 10 in Long Blades
  4328 | D:4      | Reached XP level 8. HP: 24/46 MP: 9/9
  4395 | D:4      | XOM: summons 1 hostile shadow creature
  4494 | D:4      | Found a staircase to the Ecumenical Temple.
  4572 | D:4      | XOM: give mutations
  4572 | D:4      | Gained mutation: Your spells are a little easier to cast, but a little less powerful. [Xom's mischief]
  4572 | D:4      | Gained mutation: Your body sometimes deteriorates upon taking damage. [Xom's mischief]
  4572 | D:4      | Gained mutation: Your body often deteriorates upon taking damage. [Xom's mischief]
  4572 | D:4      | Gained mutation: You are frail. (-10% HP) [Xom's mischief]
  4906 | D:4      | Got a translucent leather armour
  5016 | D:4      | XOM: harmless Air miscast
  5196 | D:5      | Entered Level 5 of the Dungeon
  5338 | D:5      | XOM: medium Chrm miscast
  5532 | D:5      | XOM: silly message
  5811 | D:5      | XOM: divination: detect creatures
  5878 | D:5      | Reached skill level 5 in Fighting
  6238 | D:5      | XOM: mild Tloc miscast
  6256 | D:5      | XOM: god gift: helmet {god gift}
  6327 | D:6      | XOM: noise
  6339 | D:6      | XOM: cast spell 'Summon Butterflies'
  6342 | D:6      | Reached XP level 9. HP: 22/49 MP: 10/10
  6451 | D:6      | XOM: torment (19/49 hp)
  6688 | D:6      | Identified the +3 leather armour of Nemelex Xobeh's Envy {rPois Str+2} (You found it on level 4 of the Dungeon)
  6717 | D:6      | XOM: divination: magic mapping
  6718 | D:6      | XOM: polymorph hippogriff -> redback
  6923 | D:6      | Noticed Madoushi's ghost (amateur DDNe)
  6937 | D:6      | Killed Madoushi's ghost
  7160 | D:6      | Found Dugan's Antique Weapon Shoppe.
  7184 | D:6      | Bought a great sword for 149 gold pieces
  7184 | D:6      | Bought a shimmering dagger for 161 gold pieces
  7186 | D:6      | Identified the +2 dagger "Fykyatt" {holy, rPois} (You bought it in a shop on level 6 of the Dungeon)
  7281 | D:6      | Reached skill level 5 in Armour
  7555 | D:7      | XOM: harmless Necr miscast
  7701 | D:7      | Reached skill level 5 in Dodging
  7702 | D:7      | XOM: torment (23/51 hp)
  7765 | D:7      | XOM: give mutations
  7765 | D:7      | Lost mutation: Your body often deteriorates upon taking damage. [Xom's mischief]
  7765 | D:7      | Lost mutation: Your body sometimes deteriorates upon taking damage. [Xom's mischief]
  7842 | D:7      | XOM: harmless Ice miscast
  8128 | D:8      | Found a snail-covered altar of Cheibriados.
  8148 | D:8      | XOM: medium Tloc miscast
  8148 | D:8      | Cast into level 1 of the Abyss (the capriciousness of Xom)
  8182 | Abyss:1  | XOM: severe Tmut miscast
  8186 | Abyss:1  | Slain by a chaos spawn

Skill      XL: |  1  2  3  4  5  6  7  8  9 |
---------------+----------------------------+-----
Long Blades    | 4 5 6 7 9 10 | 10.2
Dodging        | 3 5 |  5.3
Armour         | 4 5 |  5.6
Fighting       | 5 7 |  7.4

Action                   |  1- 3 |  4- 6 |  7- 9 || total
-------------------------+-------+-------+-------++-------
Melee: Falchion          |    68 |   125 |       ||   193
       Kick              |    18 |    63 |   127 ||   208
       Peck              |    13 |    34 |    58 ||   105
       Long sword        |       |   100 |   279 ||   379
       Great sword       |       |       |    60 ||    60
       Unarmed           |       |       |     2 ||     2
  Use: Scroll            |     8 |     1 |     7 ||    16
       Potion            |       |       |     6 ||     6
 Stab: Paralysed         |       |     1 |       ||     1
  Eat: Chunk             |       |     8 |    12 ||    20
       Royal jelly       |       |       |     1 ||     1
       Fruit             |       |       |     1 ||     1
Armor: Leather armour    |    32 |    69 |    27 ||   128
       Ring mail         |       |       |    56 ||    56
Dodge: Dodged            |    33 |   179 |   260 ||   472
       Rpst.: Falchion   |    12 |    33 |       ||    45
       Long sword        |       |    24 |    58 ||    82
       Great sword       |       |       |    21 ||    21
